 Dungeon Crawl Stone Soup version 0.32-a0-921-g04a7ad8e02 (webtiles) character file.

Game seed: 13561312807154244715

2182 DEFE the Cleaver (level 9, 0/63 HPs)
             Began as a Coglin Fighter on Apr 11, 2024.
             Was a Believer of Okawaru.
             Shot with an arrow by a centaur (9 damage)
             ... on level 6 of the Dungeon.
             The game lasted 00:05:26 (6322 turns).

DEFE the Cleaver (Coglin Fighter)                   Turns: 6322, Time: 00:05:27

Health: 0/63       AC: 11    Str: 21    XL:     9   Next: 33%
Magic:  10/10      EV:  7    Int:  8    God:    Okawaru [**....]
Gold:   222        SH:  0    Dex: 13    Spells: 8/8 levels left

rFire   . . .        a - +0 war axe {Tiedemann}
rCold   . . .        o - +0 hand axe {Ekveer}
rNeg    . . .        v - +0 chain mail of Huderchon {rPois}
rPois   +            p - +1 helmet
rElec   .            (no cloak)
rCorr   .            (no gloves)
SInv    .            (no boots)
Will    .....        (amulet unavailable) Stlth
                     (ring unavailable)
HPRegen 0.30/turn    (ring unavailable)
MPRegen 0.12/turn    (no gizmo)

%: no passive effects
@: no status effects
A: off-hand wielding, slow wielding, warmup strikes, no jewellery
a: Invent Gizmo, Renounce Religion, Heroism


You were on level 6 of the Dungeon.
You worshipped Okawaru.
Okawaru was pleased with you.
You visited 2 branches of the dungeon, and saw 7 of its levels.

You collected 507 gold pieces.
You spent 285 gold pieces at shops.

Inventory:

Hand Weapons
 a - a +0 war axe (weapon) {Tiedemann}
 h - a +3 mace
 o - a +0 hand axe (offhand) {Ekveer}
 x - a +5 flail
Armour
 b - a +0 scale mail
 c - a +0 buckler
 e - a +0 chain mail
 p - a +1 helmet (worn)
 v - the +0 chain mail of Huderchon (worn) {rPois}
   (You bought it in a shop on level 2 of the Dungeon)

   rPois:     It protects you from poison.
 y - +1 steam dragon scales
Wands
 q - a wand of mindburst (6)
Scrolls
 g - 2 scrolls of enchant armour
 i - a scroll of immolation {unknown}
 j - 4 scrolls of teleportation
 k - a scroll of fog {unknown}
 m - a scroll of vulnerability {unknown}
 n - 5 scrolls of amnesia
 t - 2 scrolls of blinking {unknown}
 u - 2 scrolls of noise
Potions
 d - a potion of might
 f - 2 potions of degeneration {unknown}
 l - 2 potions of heal wounds {unknown}
 r - 3 potions of curing {unknown}
 s - 2 potions of magic {unknown}
 w - 2 potions of lignification {unknown}


   Skills:
 - Level 3.0 Fighting
 + Level 9.5 Axes
 - Level 2.6 Armour
 - Level 2.1 Shields
 + Level 2.2 Invocations
 - Level 9.2 Evocations


You had 8 spell levels left.
You didn't know any spells.
Your spell library contained the following spells:

 Spells                   Type           Power      Damage    Failure   Level
 Freeze                   Ice            0%         1d3       97%         1
 Sting                    Conj/Alch      0%         1d3       97%         1
 Cigotuvi's Dreadful Rot  Necr/Alch/Air  0%         N/A       99%         2
 Scorch                   Fire           0%         2d5       99%         2
 Frozen Ramparts          Ice            0%         1d1       100%        3
 Hailstorm                Conj/Ice       0%         3d5       100%        3
 Brom's Barrelling Bould  Conj/Erth      0%         2d3       100%        4
 Fireball                 Conj/Fire      0%         3d3       100%        5
 Iskenderun's Battlesphe  Conj           0%         2d6       100%        5
 Conjure Ball Lightning   Conj/Air       0%         3x3d6     100%        6
 Plasma Beam              Fire/Air       0%         2x1d10    100%        6
 Orb of Destruction       Conj           0%         9d5       100%        7
 Ozocubu's Refrigeration  Ice            0%         4d7       100%        7
 Fire Storm               Conj/Fire      0%         5d1       100%        9
 Polar Vortex             Ice            0%         N/A       100%        9
 Summon Blazeheart Golem  Fire/Summ      Unusable   N/A       N/A         4
 Sculpt Simulacrum        Ice/Alch       Unusable   N/A       N/A         6
 Spellforged Servitor     Conj/Summ      Unusable   N/A       N/A         7

Dungeon Overview and Level Annotations

Branches:
Dungeon (6/15)             Temple (1/1) D:5

Altars:
Ashenzari
Cheibriados
Gozag
Hepliaklqana
Kikubaaqudgha
Makhleb
Okawaru
Qazlal
Ru
Trog
Uskayaw
Vehumet
Wu Jian
Xom
Yredelemnul
Zin

Shops:
D:2 *   D:5 ?

Annotations:
D:3 2 transporters, Takeo's ghost, amateur CoHu


Innate Abilities, Weirdness & Mutations

You can wield a second weapon in your off-hand.
It takes a long time for you to wield or remove held weapons.
Your first few attacks do less damage.
You cannot equip rings or amulets.


Message History

You hit the bush but do no damage.
The bush is heavily damaged.
You hit the bush with your +0 war axe.
The centaur shoots an arrow.
The arrow barely misses you.
Unknown command.
You hit the bush but do no damage.
The bush is heavily damaged.
You hit the bush with your +0 hand axe.
The centaur shoots an arrow.
The arrow hits you but does no damage.
The centaur shoots an arrow.
The arrow hits you!
Unknown command.
You hit the bush but do no damage.
The bush is severely damaged.
You hit the bush but do no damage.
The centaur shoots an arrow.
The arrow hits you.
You completely miss the bush with your +0 hand axe.
The bush is severely damaged.
You hit the bush but do no damage.
The centaur shoots an arrow.
The arrow barely misses you.
Unknown command.
You hit the bush but do no damage.
The bush is severely damaged.
You completely miss the bush with your +0 hand axe.
The centaur shoots an arrow.
The arrow hits you.
The centaur shoots an arrow.
The arrow hits you but does no damage.
Unknown command.
You hit the bush but do no damage.
The bush is severely damaged.
You hit the bush but do no damage.
The centaur shoots an arrow.
The arrow hits you.
Unknown command.
The centaur throws a silver javelin.
The silver javelin pierces through you!
* * * LOW HITPOINT WARNING * * *
The centaur shoots an arrow.
The arrow hits you!
* * * LOW HITPOINT WARNING * * *
The centaur throws a silver javelin.
The silver javelin closely misses you.
The centaur shoots an arrow.
The arrow hits you.
* * * LOW HITPOINT WARNING * * *
The centaur shoots an arrow.
The arrow hits you!
You die...

...≈.≈....#
#..#.#....#
####c###.##
#. #.#
##P###.#
#...##.#
#...##.#
#...##.#
##..@..#
#######


You could see a centaur.

Vanquished Creatures
  Jeremiah (D:6)
  Maggie (D:6)
  2 black bears
  An ice beast (D:6)
  2 ogres
  A centaur (D:6)
  A kobold brigand (D:6)
  A scorpion (D:6)
  4 wights
  5 hounds
  An orc priest (D:5)
  A sleepcap (D:5)
  Ijyb (D:3)
  Terence (D:2)
  An iguana (D:5)
  Natasha (thrice) (D:3)
  3 orc wizards
  Robin (D:3)
  10 gnolls
  7 adders
  A shadow imp (D:6)
  A white imp (D:6)
  6 dart slugs
  19 orcs
  7 ball pythons
  6 bats
  7 endoplasms
  3 giant cockroaches
  10 goblins
  6 hobgoblins
  6 jackals (D:1)
  8 kobolds
  4 quokkas
  10 rats
142 creatures vanquished.

Notes
Turn   | Place    | Note
-------+----------+-------------------------------------------
     0 | D:1      | DEFE the Coglin Fighter began the quest for the Orb.
     0 | D:1      | Reached XP level 1. HP: 18/18 MP: 1/1
    74 | D:1      | Reached XP level 2. HP: 23/24 MP: 2/2
   446 | D:1      | Reached XP level 3. HP: 23/29 MP: 3/3
   771 | D:2      | Noticed Terence
   784 | D:2      | Killed Terence
   785 | D:2      | Reached XP level 4. HP: 20/35 MP: 4/4
  1179 | D:2      | Found Ceiwn's Assorted Antiques.
  1346 | D:2      | Found a faded altar of an unknown god.
  1798 | D:3      | Noticed Robin
  1860 | D:3      | Killed Robin
  1861 | D:3      | Reached skill level 5 in Axes
  1861 | D:3      | Reached XP level 5. HP: 37/41 MP: 5/5
  1941 | D:3      | Noticed Ijyb
  1949 | D:3      | Killed Ijyb
  1959 | D:3      | Noticed Natasha
  1964 | D:3      | Killed Natasha
  1965 | D:3      | Reached skill level 1 in Evocations
  1991 | D:3      | Found a transporter.
  1991 | D:3      | Noticed Takeo's ghost (amateur CoHu)
  2065 | D:3      | Found a transporter.
  2076 | D:3      | Noticed an orc warrior
  2089 | D:3      | Found a stormy altar of Qazlal.
  2091 | D:3      | Found a basalt altar of Yredelemnul.
  2091 | D:3      | Noticed Natasha
  2093 | D:3      | Killed Natasha
  2237 | D:3      | Noticed Natasha
  2245 | D:3      | Killed Natasha
  2246 | D:3      | Reached XP level 6. HP: 47/47 MP: 6/6
  2434 | D:4      | Noticed a black bear
  2439 | D:4      | Killed a black bear
  2814 | D:4      | Found a snail-covered altar of Cheibriados.
  3027 | D:4      | You fall into a shaft and drop 1 floor!
  3027 | D:5      | Entered Level 5 of the Dungeon
  3048 | D:4      | Reached XP level 7. HP: 51/52 MP: 7/7
  3326 | D:2      | Bought a smoking chain mail for 285 gold pieces
  3326 | D:2      | Identified the +0 chain mail of Huderchon {rPois} (You
                  | bought it in a shop on level 2 of the Dungeon)
  3697 | D:5      | Reached skill level 5 in Evocations
  3700 | D:5      | Found a staircase to the Ecumenical Temple.
  3887 | Temple   | Entered the Ecumenical Temple
  3897 | Temple   | Became a worshipper of Warmaster Okawaru
  3968 | D:5      | Reached XP level 8. HP: 36/58 MP: 8/8
  4663 | D:5      | Found Zashron's Magic Scroll Shop.
  4765 | D:6      | Reached * piety under Okawaru
  4822 | D:6      | Noticed Jeremiah
  5158 | D:6      | Found an opulent altar of Gozag.
  5256 | D:6      | Killed Jeremiah
  5540 | D:6      | Got the Annotations on the Smoking Decanter
  5687 | D:6      | Reached XP level 9. HP: 45/63 MP: 9/9
  5862 | D:6      | Noticed Maggie
  5873 | D:6      | Reached ** piety under Okawaru
  5874 | D:6      | Reached skill level 1 in Invocations
  5879 | D:6      | Killed Maggie
  6322 | D:6      | Shot with an arrow by a centaur

Illustrated notes

Levels and vault maps discovered:
D:1:      dpeg_arrival_ratfight, layout_loops_ring, minmay_pentomino_q2
D:2:      layout_basic, shapermc_ecumenical_altar_mp_vishouse, serial_shops,
          shop, uniq_terence
D:3:      layout_basic, mainiacjoe_overflow_catwalk_spiral,
          gammafunk_ghost_arena, uniq_robin, uniq_ijyb, uniq_natasha
D:4:      layout_rooms, general_overflow_altar, kennysheep_flooded_box,
          amethyst_killhole
D:5:      layout_loops_ring, minmay_temple_entry_glassed_door, serial_shops,
          nicolae_shop_back_alley_shop
D:6:      layout_rooms, amcnicky_altar_gilded, serial_library,
          serial_library_hellmonk_double_dead_end,
          serial_library_hellmonk_h_bend, serial_library_hellmonk_secret_room,
          serial_library_hellmonk_metal_room,
          serial_library_hellmonk_semicircle,
          serial_library_hellmonk_reading_circle,
          serial_library_hellmonk_hallway_b, kb_lookout_dungeons_type,
          lemuel_flamethrower_1, uniq_jeremiah, uniq_maggie
Temple:   nicolae_temple_x_marks_the_god

Skill      XL: |  1  2  3  4  5  6  7  8  9 |
---------------+----------------------------+-----
Axes           | 3 4 5 6 7 8 9 |  9.5
Evocations     | 2 4 6 9 |  9.2
Invocations    | 2 |  2.2
Fighting       | |  3.0
Armour         | |  2.6
Shields        | |  2.1

Action                     |  1- 3 |  4- 6 |  7- 9 || total
---------------------------+-------+-------+-------++-------
  Melee: War axe           |    83 |   108 |   156 ||   347
         Hand axe          |       |    73 |   145 ||   218
  Evoke: Wand              |       |     2 |     8 ||    10
    Use: Scroll            |       |       |     5 ||     5
         Potion            |       |       |     1 ||     1
 Armour: Chain mail        |    77 |   119 |   188 ||   384
         Scale mail        |     3 |       |       ||     3
  Dodge: Dodged            |    28 |    42 |    55 ||   125
  Block: Buckler           |    23 |     7 |       ||    30

Table legend: (Time is in decaauts)
 A = Elapsed time spent in this place.
 B = Non-inter-level travel time spent in this place.
 C = Inter-level travel time spent in this place.
 D = Time resting spent in this place.
 E = Time spent auto-exploring this place.
 F = Levels seen in this place.
 G = Mean time per level.
                   A        B        C        D        E       F      G
               +--------+--------+--------+--------+--------+-----+--------+
         Total |   6388 |   6066 |    322 |   1707 |   3361 |   7 |  912.6 |
       Dungeon |   6367 |   6054 |    313 |   1707 |   3361 |   6 | 1061.2 |
        Temple |     20 |     11 |      9 |      0 |      0 |   1 |   20.0 |
               +--------+--------+--------+--------+--------+-----+--------+

Top non-repeatable levels by time:
     D:6: 1582 daAuts
     D:5: 1301 daAuts
     D:2: 1163 daAuts
     D:4: 946 daAuts
     D:1: 740 daAuts
     D:3: 634 daAuts
  Temple: 20 daAuts
